 Dungeon Crawl Stone Soup version 0.29-a0-333-gb4c28e87c6 (webtiles) character file.

Game seed: 13123973488136119448

506 Jortsu the Twirler (level 6, -1/48 HPs)
             Began as a Demonspawn Fighter on Apr 13, 2022.
             Killed from afar by a steam dragon (10 damage)
             ... with a ball of steam
             ... on level 6 of the Dungeon.
             The game lasted 00:05:12 (3251 turns).

Jortsu the Twirler (Demonspawn Fighter)             Turns: 3251, Time: 00:05:13

Health: -1/48      AC:  9    Str: 19    XL:     6   Next: 97%
Magic:  6/6        EV: 10    Int:  9    God:
Gold:   175        SH:  0    Dex: 12    Spells: 5/5 levels left

rFire   . . .      SeeInvis .   f - +2 quarterstaff (speed)
rCold   . . .      Faith    .   (shield currently unavailable)
rNeg    . . .      Spirit   .   b - +0 scale mail
rPois   .          Reflect  .   (no helmet)
rElec   .          Harm     .   (no cloak)
rCorr   +          Rampage  .   g - +1 pair of gloves
Will    .....                   (no boots)
Stlth   +.........              (no amulet)
HPRegen 0.16/turn               i - ring of resist corrosion
MPRegen 0.10/turn               (no ring)

@: no status effects
A: ignite blood 2, sturdy frame 1, demonic magic 1
a: no special abilities


You were on level 6 of the Dungeon.
You visited 1 branch of the dungeon, and saw 5 of its levels.

You collected 175 gold pieces.

Inventory:

Hand Weapons
 a - a +0 war axe
 f - a +2 quarterstaff of speed (weapon)
Armour
 b - a +0 scale mail (worn)
 c - a +0 buckler
 g - a +1 pair of gloves (worn)
Jewellery
 i - a ring of resist corrosion (left hand)
Scrolls
 j - a scroll of immolation
 l - a scroll of brand weapon {unknown}
 m - a scroll of fear
 p - a scroll of teleportation
Potions
 d - 4 potions of might
 e - a potion of resistance
 h - a potion of mutation {unknown}
 k - a potion of heal wounds
 n - 2 potions of curing
 o - a potion of haste


   Skills:
 + Level 4.1 Fighting
 + Level 2.3 Axes
 + Level 4.4 Staves
 + Level 3.9 Armour
 + Level 1.1 Dodging
 + Level 0.6 Stealth
 + Level 3.1 Shields


You had 5 spell levels left.
You didn't know any spells.
Your spell library contained the following spells:

 Spells                   Type           Power      Damage    Failure   Level
 Blink                    Tloc           0%         N/A       77%         2
 Manifold Assault         Tloc           0%         N/A       100%        5
 Storm Form               Tmut/Air       0%         N/A       100%        7


Dungeon Overview and Level Annotations

Branches:
Dungeon (4/15)
 Temple: D:4-7

Altars:

Shops:
D:2 =


Innate Abilities, Weirdness & Mutations

Your demonic aura often causes spilled blood to erupt in flames.
Your movements are slightly less encumbered by armour. (ER -2)
Spells you cast may paralyse adjacent enemies.


Message History

You hit the white imp.
The white imp is severely wounded.
You hit the white imp.
The white imp is almost dead.
The white imp barely misses you.
You hit the white imp.
You kill the white imp!
You sock the bullfrog!
The bullfrog is heavily wounded.
The bullfrog hits you but does no damage.
You sock the bullfrog!
You kill the bullfrog!
You see here a bullfrog corpse.
Found a scroll of teleportation.
Found 4 silver boomerangs.
p - a scroll of teleportation
Found a scroll labelled IJE SAEWIALY and a scroll labelled SURAIGRELES.
A steam dragon comes into view.
The steam dragon hisses angrily.
An orc wizard comes into view. It is wielding a +0 dagger.
Found 11 gold pieces.
The orc wizard shouts!
The orc wizard gestures wildly while chanting.
The orc wizard flickers and vanishes!
Deactivating autopickup; reactivate with Ctrl-A.
An orc priest comes into view. It is wielding a +0 flail.
A magic dart appears from out of thin air!
The magic dart hits you.
The orc priest shouts!
The steam dragon breathes steam at you. The ball of steam hits you!
* * * LOW HITPOINT WARNING * * *
Something tries to affect you, but you resist.
You hear a shout! x2
You are engulfed in a cloud of scalding steam.
* * * LOW HITPOINT WARNING * * *
Found a stone staircase leading down.
The steam dragon breathes steam at you. The ball of steam hits you!
You die...

#### #..# ##.># ...
#.# # #@# #.#######
#§# .$o.?...# #§#
......?.# #.#
........# #.# #
.......§###.# .##
.......§..D.#####...
.....D.§§...........
.#########..###....


There were no monsters in sight!

Vanquished Creatures
  2 black bears
  A bullfrog (D:6)
  Jessica (D:2)
  Natasha (thrice) (D:3)
  A gnoll (D:1)
  3 adders
  A white imp (D:6)
  2 worms (D:2)
  A dart slug (D:2)
  8 orcs
  6 ball pythons
  4 endoplasms
  12 giant cockroaches
  8 goblins
  8 hobgoblins
  5 jackals
  9 kobolds
  5 quokkas
  8 bats
  A goblin zombie (D:4)
  8 rats
97 creatures vanquished.

Notes
Turn   | Place    | Note
-------+----------+-------------------------------------------
     0 | D:1      | Jortsu the Demonspawn Fighter began the quest for the Orb.
     0 | D:1      | Reached XP level 1. HP: 18/18 MP: 1/1
   368 | D:1      | Gained mutation: Your demonic aura sometimes causes spilled
                  | blood to erupt in flames. [demonic ancestry]
   368 | D:1      | Reached XP level 2. HP: 23/24 MP: 2/2
   739 | D:1      | Gained mutation: Your demonic aura often causes spilled
                  | blood to erupt in flames. [demonic ancestry]
   739 | D:1      | Reached XP level 3. HP: 18/29 MP: 3/3
  1317 | D:2      | Found Qiebbo's Jewellery Shop.
  1365 | D:2      | Reached skill level 1 in Staves
  1478 | D:2      | Gained mutation: Spells you cast may paralyse adjacent
                  | enemies. [demonic ancestry]
  1478 | D:2      | Reached XP level 4. HP: 26/35 MP: 4/4
  1889 | D:2      | Noticed Jessica
  1893 | D:2      | Killed Jessica
  1993 | D:3      | Noticed a black bear
  1995 | D:3      | Noticed Natasha
  2010 | D:2      | Killed a black bear
  2011 | D:2      | Reached XP level 5. HP: 26/41 MP: 5/5
  2137 | D:3      | Killed Natasha
  2267 | D:3      | Noticed Natasha
  2273 | D:3      | Killed Natasha
  2274 | D:3      | Reached skill level 1 in Dodging
  2274 | D:3      | Gained mutation: Your movements are slightly less
                  | encumbered by armour. (ER -2) [demonic ancestry]
  2274 | D:3      | Reached XP level 6. HP: 48/48 MP: 6/6
  2762 | D:3      | Noticed Natasha
  2773 | D:3      | Killed Natasha
  3215 | D:4      | You fall into a shaft and drop 2 floors!
  3240 | D:6      | Noticed a steam dragon
  3251 | D:6      | Killed from afar by a steam dragon

Illustrated notes

Levels and vault maps discovered:
D:1:      minmay_arrival_four_loops, layout_basic, minivault_11
D:2:      minmay_roachtagon, layout_rooms, serial_shops, shop, uniq_jessica
D:3:      minmay_chambers_of_threes, layout_loops_ring, uniq_natasha
D:4:      layout_loops_ring, serial_shops, nicolae_shop_behind_doors,
          nicolae_ossuary_entry_giza
D:6:      layout_rooms

Skill      XL: |  1  2  3  4  5  6 |
---------------+-------------------+-----
Axes           | 2 |  2.3
Shields        | 3 |  3.1
Armour         | 3 |  3.9
Staves         | 1 2 3 4 |  4.4
Dodging        | 1 |  1.1
Fighting       | 4 |  4.1
Stealth        | |  0.6

Action                   |  1- 3 |  4- 6 || total
-------------------------+-------+-------++-------
Melee: War axe           |    24 |       ||    24
       Quarterstaff      |    83 |   161 ||   244
  Use: Scroll            |     6 |     4 ||    10
Armor: Scale mail        |    73 |    62 ||   135
Dodge: Dodged            |    57 |    72 ||   129
Block: Buckler           |     8 |       ||     8

Table legend: (Time is in decaauts)
 A = Elapsed time spent in this place.
 B = Non-inter-level travel time spent in this place.
 C = Inter-level travel time spent in this place.
 D = Time resting spent in this place.
 E = Time spent auto-exploring this place.
 F = Levels seen in this place.
 G = Mean time per level.
                   A        B        C        D        E       F      G
               +--------+--------+--------+--------+--------+-----+--------+
         Total |   3210 |   3160 |     50 |    669 |   1776 |   5 |  642.0 |
       Dungeon |   3210 |   3160 |     50 |    669 |   1776 |   5 |  642.0 |
               +--------+--------+--------+--------+--------+-----+--------+

Top non-repeatable levels by time:
     D:1: 1153 daAuts
     D:3: 1004 daAuts
     D:2: 931 daAuts
     D:4: 86 daAuts
     D:6: 34 daAuts
